[Event "December 5 Late 2023"]
[Site "https://www.chess.com"]
[Date "2023.12.05"]
[Round "7"]
[White "Stojanovski, Sandi"]
[Black "Fernandez Bustamante, Leancy B."]
[Result "1-0"]
[Board "97"]
[TimeControl "180+1"]
[WhiteFideId "1403249"]
[BlackFideId "3523870"]
[WhiteElo "2514"]
[BlackElo "2397"]
[WhiteTeam "DEN"]
[BlackTeam "CUB"]
[WhiteClock "0:01:26"]
[BlackClock "0:00:00"]

1. d3 c5 2. Nf3 d5 3. g3 Nf6 4. Bg2 g6 5. O-O Bg7 6. c4 O-O 7. Nc3 Nc6 8. cxd5 Nxd5 9. Nxd5 Qxd5 10. Be3 Qd6 11. Rc1 b6 12. d4 cxd4 13. Nxd4 Nxd4 14. Bxa8 Ba6 15. Bxd4 Bxd4 16. Bf3 Qf6 17. Qa4 b5 18. Qa5 Bb6 19. Qc3 Bd4 20. Qc6 Bxb2 21. Qxf6 Bxf6 22. Rc7 Bd4 23. Rxe7 b4 24. Rd1 Bc5 25. Red7 Bb6 26. e3 Bb5 27. Re7 Rd8 28. Rxd8+ Bxd8 29. Rxa7 Kg7 30. Bd5 Kf6 31. Rxf7+ Ke5 32. Bb3 h5 33. f4+ Ke4 34. Kf2 Kd3 35. f5 Bg5 36. fxg6 Bxe3+ 37. Kg2 Bc6+ 38. Kh3 Be4 39. g7 Bh7 40. Rf3 Ke4 41. Rxe3+ Kxe3 42. g8=Q 1-0

[Event "December 5 Late 2023"]
[Site "https://www.chess.com"]
[Date "2023.12.05"]
[Round "7"]
[White "Krzywda, Andrzej"]
[Black "Zivic, Dragan"]
[Result "0-1"]
[Board "98"]
[TimeControl "180+1"]
[WhiteFideId "1114565"]
[BlackFideId "904740"]
[WhiteElo "2511"]
[BlackElo "2393"]
[WhiteTeam "POL"]
[BlackTeam "SRB"]
[WhiteClock "0:00:03"]
[BlackClock "0:01:04"]

1. e4 c6 2. d4 d5 3. e5 Bf5 4. h4 h5 5. Bd3 Bxd3 6. Qxd3 Qa5+ 7. Nd2 e6 8. Nf3 Ne7 9. O-O Nf5 10. Nb3 Qc7 11. Bg5 Nd7 12. Rfe1 a6 13. c3 c5 14. dxc5 Nxc5 15. Nxc5 Bxc5 16. Nh2 Qb6 17. Qe2 Qb5 18. Qxb5+ axb5 19. a3 Kd7 20. Nf1 Rhf8 21. Nd2 f6 22. exf6 gxf6 23. Bf4 Nxh4 24. Nb3 Bb6 25. Be3 Bxe3 26. Rxe3 e5 27. Rd1 Kc6 28. Red3 Rad8 29. Rh3 Ng6 30. Rxh5 Nf4 31. Rh6 Rd6 32. g3 Rg8 33. Kf1 Rg6 34. Rh8 Ne6 35. Rc8+ Kb6 36. Re8 f5 37. Re1 e4 38. Rd1 f4 39. Nd4 Nxd4 40. Rxd4 fxg3 41. fxg3 Rxg3 42. Rexe4 dxe4 43. Rxd6+ Kc5 44. Re6 e3 45. Re7 b6 46. Re5+ Kc4 47. Re4+ Kd3 48. Rd4+ Kc2 49. Ke2 Kxb2 50. Rb4+ Kxc3 51. Rxb5 Kd4 52. Rxb6 Rg2+ 53. Ke1 Ra2 54. Rb3 Ke4 55. Rb8 Rxa3 56. Re8+ Kd3 57. Rd8+ Kc2 58. Rc8+ Rc3 59. Rxc3+ Kxc3 60. Ke2 Kd4 61. Kd1 Kd3 62. Ke1 e2 0-1

[Event "December 5 Late 2023"]
[Site "https://www.chess.com"]
[Date "2023.12.05"]
[Round "7"]
[White "Leenhouts, Koen"]
[Black "Kornyukov, Alexey"]
[Result "1-0"]
[Board "99"]
[TimeControl "180+1"]
[WhiteFideId "1008439"]
[BlackFideId "4150457"]
[WhiteElo "2509"]
[BlackElo "2330"]
[WhiteTeam "NED"]
[BlackTeam "RUS"]
[WhiteClock "0:00:34"]
[BlackClock "0:00:00"]

1. e4 c5 2. Nf3 Nc6 3. Bb5 e6 4. Bxc6 bxc6 5. O-O Ne7 6. d3 Ng6 7. b3 Be7 8. Bb2 O-O 9. e5 f6 10. exf6 Bxf6 11. Bxf6 Qxf6 12. Nbd2 d5 13. c4 e5 14. Qc2 Nf4 15. cxd5 cxd5 16. Qxc5 Bf5 17. Rfe1 Rac8 18. Qa5 e4 19. dxe4 dxe4 20. Qe5 Nh3+ 21. gxh3 exf3 22. Qxf6 Rxf6 23. Nf1 h5 24. h4 Rg6+ 25. Ng3 Bd3 26. Re3 Be2 27. Re1 Rc2 28. a4 Rd2 29. h3 Kh7 30. Kh2 Rb2 31. Nxe2 fxe2 32. R1xe2 Rb1 33. Rg3 Rxg3 34. fxg3 Rxb3 35. Re7 Rb2+ 36. Kg1 Rb3 37. Kf2 a6 38. Re6 Rb2+ 39. Kf3 Rb3+ 40. Kf4 Rb4+ 41. Re4 1-0

[Event "December 5 Late 2023"]
[Site "https://www.chess.com"]
[Date "2023.12.05"]
[Round "7"]
[White "Grutter, Tim"]
[Black "Gerbelli Neto, Eduardo"]
[Result "1-0"]
[Board "100"]
[TimeControl "180+1"]
[WhiteFideId "1057472"]
[BlackFideId "2103281"]
[WhiteElo "2507"]
[BlackElo "2335"]
[WhiteTeam "NED"]
[BlackTeam "BRA"]
[WhiteClock "0:00:56"]
[BlackClock "0:00:13"]

1. Nf3 Nf6 2. g3 c5 3. Bg2 Nc6 4. O-O e5 5. d3 d5 6. e4 dxe4 7. dxe4 Qxd1 8. Rxd1 Nd4 9. Ne1 Bg4 10. f3 O-O-O 11. Kf2 Nxe4+ 12. Kf1 Bh5 13. g4 Bg6 14. fxe4 h5 15. c3 Ne6 16. Rxd8+ Kxd8 17. gxh5 Rxh5 18. Kg1 c4 19. Be3 Bc5 20. Bxc5 Nxc5 21. Nd2 b5 22. Rd1 Ke7 23. b3 cxb3 24. axb3 Rh4 25. Ra1 a6 26. b4 Nxe4 27. Nxe4 Bxe4 28. Rxa6 Bxg2 29. Nxg2 Rc4 30. Ne3 Re4 31. Kf2 g6 32. Nd5+ Kf8 33. Rb6 Rh4 34. Kg3 1-0

[Event "December 5 Late 2023"]
[Site "https://www.chess.com"]
[Date "2023.12.05"]
[Round "7"]
[White "Dilmukhametov, Artur"]
[Black "Mazzilli, Piero"]
[Result "0-1"]
[Board "101"]
[TimeControl "180+1"]
[WhiteFideId "24179922"]
[BlackFideId "807087"]
[WhiteElo "2476"]
[BlackElo "2327"]
[WhiteTeam "RUS"]
[BlackTeam "ITA"]
[WhiteClock "0:00:01"]
[BlackClock "0:00:09"]

1. e4 c5 2. d4 cxd4 3. c3 Nf6 4. e5 Nd5 5. Bc4 Nb6 6. Bb3 Nc6 7. Nf3 d5 8. cxd4 Bg4 9. Be3 e6 10. O-O Be7 11. Nbd2 O-O 12. Re1 Bf5 13. Nf1 Na5 14. Ng3 Bg6 15. Bc2 Rc8 16. Bxg6 fxg6 17. b3 Ba3 18. Qd2 Nc6 19. Ng5 Qd7 20. h4 Bb4 21. Qd3 Bxe1 22. Rxe1 Nb4 23. Qb1 Nc2 24. Re2 Qc6 25. Kh2 Nxe3 26. fxe3 Qc1 27. Qxc1 Rxc1 28. Nxe6 Rfc8 29. Rf2 Nd7 30. Nf4 Nb6 31. Ne6 R1c2 32. Rxc2 Rxc2 33. a4 Rc3 34. Nc5 Rxe3 35. e6 Kf8 36. Nf1 Re2 37. Ng3 Rd2 38. a5 Nc8 39. Nxb7 Rxd4 40. Kh3 Ke7 41. Nc5 Kd6 42. Nb7+ Kc7 43. a6 Rb4 44. h5 g5 45. Nf5 Rxb3+ 46. Kg4 h6 47. Nxg7 Nd6 48. e7 Rb4+ 49. Kg3 Rb3+ 50. Kg4 Rxb7 51. axb7 Kxb7 52. Nf5 Ne8 53. Nd4 a5 54. Kf5 a4 55. Ke6 a3 56. Kxd5 a2 57. Nb3 Kc7 58. Ke6 g4 59. Kf7 Kd7 60. Nc5+ Kd6 61. Nb3 Nc7 62. e8=N+ Nxe8 63. Kxe8 Ke6 64. Kf8 Kf6 65. Kg8 Kg5 66. Kh7 Kxh5 67. Kg7 Kg5 68. Kh7 h5 69. Kg7 h4 70. Kf7 h3 71. gxh3 gxh3 72. Ke6 h2 0-1

[Event "December 5 Late 2023"]
[Site "https://www.chess.com"]
[Date "2023.12.05"]
[Round "7"]
[White "Golubenko, Valentina"]
[Black "Shton, Roman"]
[Result "0-1"]
[Board "102"]
[TimeControl "180+1"]
[WhiteFideId "4501993"]
[BlackFideId "14137461"]
[WhiteElo "2247"]
[BlackElo "2454"]
[WhiteTeam "CRO"]
[BlackTeam "UKR"]
[WhiteClock "0:00:00"]
[BlackClock "0:00:40"]

1. e4 Nf6 2. e5 Nd5 3. d4 d6 4. Nf3 g6 5. Bc4 Nb6 6. Bd3 Bg7 7. O-O Bg4 8. exd6 cxd6 9. d5 O-O 10. c4 N8d7 11. Nbd2 Ne5 12. Be2 Bxf3 13. Nxf3 Nexc4 14. Qb3 Rc8 15. a4 a5 16. Rb1 Qd7 17. Nd2 Nxd2 18. Bxd2 Nxa4 19. Bxa5 Nc5 20. Qe3 Rfe8 21. b4 Na4 22. Rfc1 Nc3 23. Rxc3 Rxc3 24. Qd2 Qa4 25. Bb6 Qc2 26. Qxc2 Rxc2 27. Bd3 Rd2 28. Be4 Bd4 29. Bxd4 Rxd4 30. Bf3 Rc8 31. h3 Rcc4 32. b5 Rb4 33. Rxb4 Rxb4 34. Be2 Rb1+ 35. Kh2 Rb2 36. Bf3 Rxf2 37. Kg3 Rb2 38. Kf4 Rxb5 39. Ke4 Rc5 40. Kd4 b5 41. Bd1 b4 42. Bb3 h5 43. Bd1 Kg7 44. Bb3 Kf6 45. Bd1 Kg5 46. g3 h4 47. gxh4+ Kxh4 48. Bb3 Kxh3 49. Bd1 g5 0-1

[Event "December 5 Late 2023"]
[Site "https://www.chess.com"]
[Date "2023.12.05"]
[Round "7"]
[White "Curtis, John"]
[Black "Argandona Riveiro, Inigo"]
[Result "0-1"]
[Board "103"]
[TimeControl "180+1"]
[WhiteFideId "3200256"]
[BlackFideId "2212072"]
[WhiteElo "2224"]
[BlackElo "2444"]
[WhiteTeam "AUS"]
[BlackTeam "ESP"]
[WhiteClock "0:00:00"]
[BlackClock "0:00:20"]

1. e4 d6 2. d4 Nf6 3. Nc3 e5 4. dxe5 dxe5 5. Qxd8+ Kxd8 6. Bc4 Ke8 7. Nd5 Nxd5 8. Bxd5 c6 9. Bb3 a5 10. a3 Bc5 11. Ke2 Na6 12. Be3 Ke7 13. c3 f6 14. Bc2 Bxe3 15. Kxe3 Nc5 16. Ne2 a4 17. Rad1 Be6 18. Rd2 Ra6 19. Nc1 Bc4 20. Bd3 b5 21. Bxc4 bxc4 22. Rhd1 Rb8 23. Na2 Nd3 24. Nb4 Nxb4 25. cxb4 Ra7 26. Rc1 c5 27. bxc5 Rd7 28. Rcc2 Rb3+ 29. Ke2 Rd4 30. Rxd4 exd4 31. Rxc4 Rxb2+ 32. Kd3 Rb3+ 33. Kxd4 Rxa3 34. c6 Kd8 35. Rc2 Kc7 36. Kd5 Rb3 37. Ke6 a3 38. Ra2 Kxc6 39. f4 Kc5 40. Kf7 Rb7+ 41. Kg8 Kb4 42. Kxh7 Kb3 43. Ra1 Kb2 44. Rf1 a2 45. Kg6 Rc7 46. Rf2+ Rc2 47. Rf1 Rxg2+ 48. Kf7 a1=Q 49. Rxa1 Kxa1 50. e5 fxe5 51. fxe5 g5 52. h3 Rg3 53. Kf6 Kb2 54. e6 Kc3 55. e7 Re3 56. Kxg5 Kd4 0-1

[Event "December 5 Late 2023"]
[Site "https://www.chess.com"]
[Date "2023.12.05"]
[Round "7"]
[White "Matrix3x3a"]
[Black "Calcada, Lucas Galvan"]
[Result "0-1"]
[Board "104"]
[TimeControl "180+1"]
[BlackFideId "22746099"]
[WhiteElo "2435"]
[BlackElo "2008"]
[BlackTeam "BRA"]
[WhiteClock "0:00:12"]
[BlackClock "0:00:49"]

1. d4 Nf6 2. c4 e6 3. Nf3 d5 4. g3 Be7 5. Bg2 O-O 6. O-O a6 7. Qc2 dxc4 8. a4 b6 9. Qxc4 Bb7 10. Rd1 Nbd7 11. Nc3 Rc8 12. Qd3 c5 13. e4 cxd4 14. Nxd4 Nc5 15. Qe2 Qc7 16. f3 Rfd8 17. Be3 Qb8 18. Bf4 e5 19. Nf5 Bf8 20. Be3 g6 21. Bg5 Rc6 22. Ne3 h6 23. Bxf6 Rxf6 24. Ncd5 Rfd6 25. Rac1 Ne6 26. Nc4 R6d7 27. Ncxb6 Rd6 28. Nc4 Nd4 29. Qe3 R6d7 30. Nf6+ Kg7 31. Nxd7 Rxd7 32. f4 Ne6 33. Nxe5 Rxd1+ 34. Rxd1 Bc5 35. Qf2 Bxf2+ 36. Kxf2 Qa7+ 37. Ke2 Qb6 38. Rd7 Qxb2+ 39. Kf1 Qb1+ 40. Kf2 Bxe4 41. Rd6 Qc2+ 42. Ke1 Qxg2 43. Rd7 Qxh2 44. Rxf7+ Kg8 45. Ra7 Qxg3+ 46. Kd2 Qxf4+ 47. Ke1 Qxe5 48. Ra8+ Bxa8+ 49. Kd1 Qd4+ 50. Ke1 Qe3+ 51. Kd1 Bf3+ 52. Kc2 Nd4+ 53. Kb2 Qb3+ 54. Ka1 Nc2# 0-1

[Event "December 5 Late 2023"]
[Site "https://www.chess.com"]
[Date "2023.12.05"]
[Round "7"]
[White "Fernandez Hernandez, Gerardo"]
[Black "Chan, Yi Ren Daniel"]
[Result "0-1"]
[Board "105"]
[TimeControl "180+1"]
[WhiteFideId "2207400"]
[BlackFideId "5801583"]
[WhiteElo "2220"]
[BlackElo "2791"]
[WhiteTeam "ESP"]
[BlackTeam "SGP"]
[WhiteClock "0:00:04"]
[BlackClock "0:00:15"]

1. e4 c6 2. d4 d5 3. exd5 cxd5 4. c4 Nf6 5. Nc3 e6 6. c5 Be7 7. Nf3 O-O 8. Bf4 b6 9. b4 a5 10. a3 axb4 11. axb4 Rxa1 12. Qxa1 Nc6 13. Qa4 Bd7 14. Bb5 Qc8 15. Bxc6 Bxc6 16. b5 Be8 17. c6 Ne4 18. Nxe4 dxe4 19. Ne5 Bd6 20. O-O f6 21. Nd3 Qc7 22. Bxd6 Qxd6 23. Nb2 f5 24. Rd1 f4 25. Nc4 Qd5 26. Nxb6 Qg5 27. Qc4 f3 28. g3 Qf5 29. d5 Bf7 30. d6 e5 31. Qf1 e3 32. fxe3 Qc2 33. d7 Bb3 34. Re1 f2+ 35. Kh1 Qe4+ 36. Qg2 f1=Q+ 37. Rxf1 Rxf1# 0-1

[Event "December 5 Late 2023"]
[Site "https://www.chess.com"]
[Date "2023.12.05"]
[Round "7"]
[White "Kappeler, Kaspar"]
[Black "Lymar, Vladislav"]
[Result "1-0"]
[Board "106"]
[TimeControl "180+1"]
[WhiteFideId "1309072"]
[BlackFideId "14162180"]
[WhiteElo "2314"]
[BlackElo "2582"]
[WhiteTeam "SUI"]
[BlackTeam "UKR"]
[WhiteClock "0:00:59"]
[BlackClock "0:00:00"]

1. c4 e6 2. Nf3 Nf6 3. g3 d5 4. Bg2 c6 5. O-O Be7 6. d4 O-O 7. Qc2 b6 8. Nbd2 Bb7 9. e4 dxe4 10. Nxe4 Nbd7 11. Rd1 Re8 12. Bf4 Nxe4 13. Qxe4 Nf6 14. Qe2 Qc8 15. c5 bxc5 16. dxc5 Bxc5 17. Rac1 Bb6 18. Ne5 Nd5 19. Qh5 g6 20. Qh6 Nxf4 21. Qxf4 Re7 22. Bxc6 Qb8 23. Qf6 Rc7 24. Ng4 Bxc6 25. Nh6+ Kf8 26. Rxc6 Rb7 27. Rxe6 Bxf2+ 28. Kh1 1-0

[Event "December 5 Late 2023"]
[Site "https://www.chess.com"]
[Date "2023.12.05"]
[Round "7"]
[White "Estrada Nieto, Julian"]
[Black "Rose, Felix"]
[Result "1-0"]
[Board "107"]
[TimeControl "180+1"]
[WhiteFideId "5101018"]
[BlackFideId "5105722"]
[WhiteElo "2532"]
[BlackElo "2308"]
[WhiteTeam "ESP"]
[BlackTeam "MEX"]
[WhiteClock "0:01:42"]
[BlackClock "0:00:03"]

1. e4 d6 2. d4 Nf6 3. Nc3 g6 4. Nf3 Bg7 5. Be2 O-O 6. O-O Nc6 7. Be3 Bg4 8. Qd2 e5 9. dxe5 Nxe5 10. Nxe5 dxe5 11. f3 Qxd2 12. Bxd2 Rfd8 13. Be3 Be6 14. Rfd1 a6 15. a4 Bf8 16. Kf2 Nd7 17. Nd5 Bxd5 18. Rxd5 c6 19. Rd2 Nc5 20. b4 Rxd2 21. Bxd2 Rd8 22. Bg5 Ne6 23. Bxd8 Nxd8 24. c3 Ne6 25. Bc4 Nf4 26. Rd1 a5 27. bxa5 Bc5+ 28. Kf1 1-0

[Event "December 5 Late 2023"]
[Site "https://www.chess.com"]
[Date "2023.12.05"]
[Round "7"]
[White "Skibbe, Willi"]
[Black "Hajiyev, Kanan"]
[Result "1-0"]
[Board "108"]
[TimeControl "180+1"]
[WhiteFideId "4682190"]
[BlackFideId "13404148"]
[WhiteElo "2305"]
[BlackElo "2520"]
[WhiteTeam "GER"]
[BlackTeam "AZE"]
[WhiteClock "0:00:16"]
[BlackClock "0:00:09"]

1. c4 c6 2. Nf3 d5 3. g3 Nf6 4. Bg2 g6 5. b3 Bg7 6. Bb2 O-O 7. O-O Bg4 8. d3 a5 9. a3 Qc8 10. Nbd2 Bh3 11. Qc2 Qg4 12. e4 Bxg2 13. Kxg2 Nh5 14. Bxg7 Kxg7 15. Ng1 Nf4+ 16. Kh1 Ne6 17. f3 Qh5 18. Kg2 Nd7 19. Ne2 Ng5 20. h4 Ne6 21. Rae1 Kg8 22. Rh1 Qh6 23. Qc3 dxc4 24. Nxc4 a4 25. b4 Rfd8 26. f4 Qh5 27. Rhf1 Rac8 28. f5 Nc7 29. Nf4 Qh6 30. Ne3 Nb5 31. Qb2 Nf6 32. e5 Nd5 33. Ng4 Qf8 34. fxg6 hxg6 35. Nxg6 Qg7 36. h5 fxg6 37. h6 Qh7 38. e6 Nbc3 39. Rf7 Qh8 40. h7+ Qxh7 41. Rxh7 Kxh7 42. Rh1+ Kg7 43. Qf2 Nf6 44. Nxf6 exf6 45. Qf4 Rh8 46. Rxh8 Rxh8 47. Qc7+ Kh6 48. Qf7 Nd5 49. e7 Nc7 50. Qf8+ Kh7 51. Qf7+ Kh6 52. Qxf6 Rg8 53. Qf4+ Kg7 54. Qxc7 Re8 55. Qxb7 Kf7 56. Qxc6 Rxe7 57. Qxa4 Re2+ 58. Kf3 Re6 59. Qd7+ Kf6 60. Qxe6+ Kxe6 61. a4 Kd5 62. a5 1-0

[Event "December 5 Late 2023"]
[Site "https://www.chess.com"]
[Date "2023.12.05"]
[Round "7"]
[White "Mohammad, Fahim"]
[Black "Martins, Bruno Andre Leite"]
[Result "1/2-1/2"]
[Board "109"]
[TimeControl "180+1"]
[WhiteFideId "10206248"]
[BlackFideId "1942255"]
[WhiteElo "2306"]
[BlackElo "2510"]
[WhiteTeam "FRA"]
[BlackTeam "POR"]
[WhiteClock "0:00:04"]
[BlackClock "0:00:01"]

1. d4 Nf6 2. Nf3 e6 3. c4 d5 4. Bg5 Bb4+ 5. Nc3 dxc4 6. e3 b5 7. Be2 h6 8. Bh4 g5 9. Bg3 Ne4 10. O-O Bxc3 11. bxc3 Nxc3 12. Qc2 Nxe2+ 13. Qxe2 Nd7 14. e4 Bb7 15. Rfe1 O-O 16. Rad1 Nf6 17. d5 exd5 18. exd5 Nxd5 19. h4 Qf6 20. hxg5 hxg5 21. Be5 Qg6 22. Ba1 Nf4 23. Qe5 f6 24. Qxb5 Bxf3 25. Qxc4+ Bd5 26. Rxd5 Nxd5 27. Qxd5+ Qf7 28. Qf5 Rae8 29. Rd1 Re7 30. g3 Rfe8 31. Kg2 Rf8 32. Rd3 Qh7 33. Qf3 Qe4 34. Re3 Qxf3+ 35. Rxf3 Kg7 36. g4 Kg6 37. Rf5 Re4 38. f3 Ra4 39. Bc3 Rxa2+ 40. Kg3 Ra3 41. Bd4 Ra4 42. Bc5 Re8 43. Bf2 Re6 44. Be1 a5 45. Bd2 Ra6 46. f4 gxf4+ 47. Bxf4 Ra3+ 48. Kh4 a4 49. Rh5 Kf7 50. Rh6 Ke6 51. g5 Kf5 52. gxf6 Rxf6 53. Rh5+ Kxf4 54. Rf5+ Rxf5 1/2-1/2

[Event "December 5 Late 2023"]
[Site "https://www.chess.com"]
[Date "2023.12.05"]
[Round "7"]
[White "Weisz, Bryan"]
[Black "Gutierrez Olivares, Daniel"]
[Result "0-1"]
[Board "110"]
[TimeControl "180+1"]
[WhiteFideId "30934133"]
[BlackFideId "2264005"]
[WhiteElo "2293"]
[BlackElo "2489"]
[WhiteTeam "USA"]
[BlackTeam "ESP"]
[WhiteClock "0:00:06"]
[BlackClock "0:00:29"]

1. e4 e6 2. d4 d5 3. e5 c5 4. c3 Nc6 5. Nf3 Bd7 6. Bd3 cxd4 7. cxd4 Qb6 8. Nc3 Nxd4 9. Nxd4 Qxd4 10. O-O a6 11. Qe2 Ne7 12. Kh1 Nc6 13. f4 Bc5 14. f5 Qxe5 15. fxe6 Bxe6 16. Qd1 g5 17. Re1 Qg7 18. Nxd5 O-O-O 19. Be4 Nb4 20. Be3 Bxe3 21. Ne7+ Kb8 22. Qa4 Bc5 23. a3 Bxe7 24. axb4 Bd7 25. Qa5 Qf6 26. Bd3 Bc8 27. Be4 Rd4 28. b5 Bb4 29. Qb6 Qxb6 0-1

[Event "December 5 Late 2023"]
[Site "https://www.chess.com"]
[Date "2023.12.05"]
[Round "7"]
[White "Reprintsev, Alexander"]
[Black "Shapiro, Daniel"]
[Result "1-0"]
[Board "111"]
[TimeControl "180+1"]
[WhiteFideId "14100541"]
[BlackFideId "2001780"]
[WhiteElo "2485"]
[BlackElo "2293"]
[WhiteTeam "UKR"]
[BlackTeam "USA"]
[WhiteClock "0:00:10"]
[BlackClock "0:00:00"]

1. e4 c5 2. b3 e6 3. Nf3 d6 4. Bb2 Nc6 5. d4 cxd4 6. Nxd4 Bd7 7. Be2 a6 8. O-O Qc7 9. c4 Nf6 10. Nc3 Be7 11. Qd2 Rc8 12. Rad1 O-O 13. Nc2 Rfd8 14. Ne3 Qb8 15. Kh1 Na7 16. f4 b5 17. g4 b4 18. Ncd5 exd5 19. exd5 Qc7 20. g5 Ne8 21. h4 Bf8 22. h5 a5 23. h6 Rb8 24. f5 Nc8 25. g6 fxg6 26. fxg6 hxg6 27. h7+ Kxh7 28. Rxf8 Nf6 29. Rf7 Rh8 30. Kg2 Kg8 31. Rxf6 gxf6 32. Bxf6 Rh7 33. Qd3 Bh3+ 34. Kg3 Qf7 35. Qd4 Ne7 36. Bg4 Bxg4 37. Kxg4 Rf8 38. Rf1 Qe8 39. Rf4 Qd7+ 40. Kf3 Qh3+ 41. Ke2 Qh2+ 42. Rf2 Qh5+ 43. Kd2 Nf5 44. Nxf5 gxf5 45. Rg2+ Kf7 46. Bg7 f4 47. Qf6+ 1-0

[Event "December 5 Late 2023"]
[Site "https://www.chess.com"]
[Date "2023.12.05"]
[Round "7"]
[White "NovakRatko"]
[Black "Kujawski, Adam"]
[Result "1-0"]
[Board "112"]
[TimeControl "180+1"]
[BlackFideId "1100920"]
[WhiteElo "2462"]
[BlackElo "2290"]
[BlackTeam "POL"]
[WhiteClock "0:00:17"]
[BlackClock "0:00:00"]

1. d4 d5 2. c4 e6 3. cxd5 exd5 4. Nc3 Nf6 5. f3 Bb4 6. a3 Bxc3+ 7. bxc3 c5 8. Bg5 Qa5 9. Qd2 Nbd7 10. e3 h6 11. Bh4 O-O 12. Bd3 b6 13. Ne2 Ba6 14. O-O cxd4 15. exd4 Bxd3 16. Qxd3 Qa4 17. Rfb1 Rfe8 18. Rb4 Qc6 19. Bf2 Rac8 20. Rc1 Qe6 21. Ng3 Nf8 22. Re1 Qc6 23. Rxe8 Rxe8 24. c4 Ng6 25. cxd5 Nxd5 26. Rc4 Qb5 27. Qc2 Ngf4 28. h3 g6 29. Ne4 Re6 30. a4 Qd7 31. Qd2 f5 32. Ng3 h5 33. Rc1 h4 34. Nf1 Ne2+ 35. Kh1 Nxc1 36. Qxc1 Qc6 37. Qg5 Kg7 38. Bxh4 Qc4 39. Ng3 Ne7 40. Nh5+ Kf7 41. Kh2 1-0

[Event "December 5 Late 2023"]
[Site "https://www.chess.com"]
[Date "2023.12.05"]
[Round "7"]
[White "Chlpik, Martin"]
[Black "Sroczynski, Maciej"]
[Result "1-0"]
[Board "113"]
[TimeControl "180+1"]
[WhiteFideId "14923351"]
[BlackFideId "1121472"]
[WhiteElo "2260"]
[BlackElo "2452"]
[WhiteTeam "SVK"]
[BlackTeam "POL"]
[WhiteClock "0:01:49"]
[BlackClock "0:01:24"]

1. d4 d5 2. g3 Nf6 3. Bg2 c6 4. Nf3 Bf5 5. O-O h6 6. b3 e6 7. Bb2 Nbd7 8. Nbd2 Be7 9. Re1 Ne4 10. Nxe4 Bxe4 11. Nd2 Bxg2 12. Kxg2 f5 13. f3 O-O 14. e4 fxe4 15. fxe4 Bb4 16. c3 Bd6 17. Qg4 Re8 18. e5 Bf8 19. Nf3 c5 20. Rad1 Rc8 21. Rd2 cxd4 22. Nxd4 Qb6 23. Rf2 Bc5 24. Qg6 Bxd4 25. Rf7 Bxe5 26. Rxe5 1-0

[Event "December 5 Late 2023"]
[Site "https://www.chess.com"]
[Date "2023.12.05"]
[Round "7"]
[White "Clawitter, Craig"]
[Black "Mizzi, Jack"]
[Result "0-1"]
[Board "114"]
[TimeControl "180+1"]
[WhiteFideId "2023105"]
[BlackFideId "5602521"]
[WhiteElo "2226"]
[BlackElo "2444"]
[WhiteTeam "USA"]
[BlackTeam "MLT"]
[WhiteClock "0:00:00"]
[BlackClock "0:01:05"]

1. e4 c6 2. d4 d5 3. e5 Bf5 4. Nf3 e6 5. Be2 Nd7 6. O-O h5 7. Nbd2 Be7 8. Nb3 g5 9. Ne1 h4 10. h3 Nh6 11. f4 Rg8 12. fxg5 Bxg5 13. Kh2 Qe7 14. Nf3 Bxc1 15. Qxc1 Rg6 16. Qf4 O-O-O 17. Nxh4 Ng4+ 18. Bxg4 Rxg4 19. Nxf5 exf5 20. hxg4 Qh4+ 21. Kg1 fxg4 22. Qh2 Qg5 23. Qg3 Rh8 24. Rxf7 Nf8 25. Nc5 Qh5 26. e6 Nxe6 27. Re7 Qh1+ 28. Kf2 Rf8+ 29. Ke3 Qxa1 30. Nxe6 Qg1+ 31. Kd3 Rf3+ 32. Qxf3 gxf3 0-1

[Event "December 5 Late 2023"]
[Site "https://www.chess.com"]
[Date "2023.12.05"]
[Round "7"]
[White "JERO-8914"]
[Black "Floresvillar Gonzalez, Luis Migu"]
[Result "1-0"]
[Board "115"]
[TimeControl "180+1"]
[BlackFideId "5100542"]
[WhiteElo "2399"]
[BlackElo "2214"]
[BlackTeam "MEX"]
[WhiteClock "0:00:57"]
[BlackClock "0:00:00"]

1. e4 c6 2. Nf3 d5 3. Nc3 Bg4 4. d4 dxe4 5. Nxe4 Nd7 6. Bc4 e6 7. h3 Bh5 8. Ng3 Bg6 9. c3 Ngf6 10. O-O Bd6 11. Ne2 b5 12. Bb3 a5 13. a4 O-O 14. Nf4 Qc7 15. Nd3 Nd5 16. axb5 cxb5 17. Bxd5 exd5 18. Nde5 Nxe5 19. dxe5 Bxe5 20. Qxd5 Bf4 21. Qxb5 Bxc1 22. Rfxc1 Rfb8 23. Qd5 Rd8 24. Qe5 Qb6 25. c4 f6 26. Qe7 Qxb2 27. Rab1 Qa2 28. Rb7 1-0

[Event "December 5 Late 2023"]
[Site "https://www.chess.com"]
[Date "2023.12.05"]
[Round "7"]
[White "Einarsson, Halldor Gretar"]
[Black "Blanco Diez, David"]
[Result "0-1"]
[Board "116"]
[TimeControl "180+1"]
[WhiteFideId "2300150"]
[BlackFideId "32032927"]
[WhiteElo "2214"]
[BlackElo "2398"]
[WhiteTeam "ISL"]
[BlackTeam "ESP"]
[WhiteClock "0:00:00"]
[BlackClock "0:00:41"]

1. d4 Nf6 2. c4 e6 3. g3 Bb4+ 4. Bd2 a5 5. Nf3 b6 6. Nc3 Bb7 7. Bg2 O-O 8. O-O d6 9. Re1 Bxc3 10. Bxc3 Ne4 11. Qc2 Nxc3 12. Qxc3 f5 13. d5 e5 14. h4 h6 15. e4 f4 16. Bh3 Bc8 17. Bxc8 Qxc8 18. Kg2 Qg4 19. a4 Nd7 20. Ra3 Rf7 21. Nh2 Qg6 22. Qf3 Raf8 23. Qg4 Qxg4 24. Nxg4 h5 25. Nh2 fxg3 26. fxg3 Rf2+ 27. Kh3 Rxb2 28. g4 Rff2 29. Nf3 hxg4+ 30. Kxg4 Nf6+ 31. Kf5 Kf7 32. Rg1 Rbe2 33. c5 bxc5 34. Rb3 Rxe4 0-1

[Event "December 5 Late 2023"]
[Site "https://www.chess.com"]
[Date "2023.12.05"]
[Round "7"]
[White "Jing, Andrew"]
[Black "Uryupin, Igor"]
[Result "0-1"]
[Board "117"]
[TimeControl "180+1"]
[WhiteFideId "30984076"]
[BlackFideId "4182529"]
[WhiteElo "2212"]
[BlackElo "2397"]
[WhiteTeam "USA"]
[BlackTeam "RUS"]
[WhiteClock "0:00:55"]
[BlackClock "0:01:02"]

1. d4 d5 2. Bf4 Nf6 3. e3 e6 4. Nf3 c5 5. Nbd2 Nc6 6. c3 Bd6 7. Ne5 Qc7 8. Ndf3 O-O 9. Bd3 Nd7 10. Bxh7+ Kxh7 11. Ng5+ Kg8 12. Nxd7 Bxf4 13. h4 Qxd7 14. Qh5 Re8 15. exf4 e5 16. dxe5 Qf5 17. g4 Qxf4 18. Qh7+ Kf8 19. Qh8+ Ke7 20. Qxg7 Nxe5 0-1

[Event "December 5 Late 2023"]
[Site "https://www.chess.com"]
[Date "2023.12.05"]
[Round "7"]
[White "Bullen, Alex"]
[Black "Haszon, David"]
[Result "0-1"]
[Board "118"]
[TimeControl "180+1"]
[WhiteFideId "1801627"]
[BlackFideId "733610"]
[WhiteElo "2206"]
[BlackElo "2397"]
[WhiteTeam "WLS"]
[BlackTeam "HUN"]
[WhiteClock "0:00:00"]
[BlackClock "0:00:18"]

1. c3 h5 2. d4 h4 3. Bf4 d6 4. h3 Nd7 5. e3 Ndf6 6. Nd2 e6 7. Bd3 Ne7 8. Ngf3 b6 9. O-O Bb7 10. Bh2 Qd7 11. a4 Ng6 12. a5 Be7 13. axb6 axb6 14. Rxa8+ Bxa8 15. Qa1 Bc6 16. Bxg6 fxg6 17. Qa2 Ne4 18. Nxe4 Bxe4 19. Nd2 Bb7 20. Ra1 O-O 21. Qb1 Kh7 22. e4 e5 23. d5 Bg5 24. Qd3 Bc8 25. Ra8 Bxd2 26. Qxd2 Qf7 27. f3 Bd7 28. Rxf8 Qxf8 29. Qg5 Qf6 30. f4 Qxg5 31. fxg5 c6 32. c4 b5 33. dxc6 Bxc6 34. cxb5 Bxe4 35. Kf2 Kg8 36. g3 hxg3+ 37. Bxg3 Kf7 38. Ke3 Bb7 39. Be1 Ke6 40. h4 d5 41. Kd3 Kf5 42. Ke3 Ke6 43. Kd3 Kd6 44. Bf2 Bc8 45. Kc3 d4+ 46. Kd3 Kd5 47. Bg1 e4+ 48. Ke2 Kc4 49. b6 e3 50. Bh2 Kd5 51. Kd3 Ba6+ 52. Kc2 Ke4 53. b4 d3+ 54. Kd1 d2 55. b5 Kd3 56. b7 Bxb5 0-1